[Event "Titled Tuesday Blitz February 21 Early 2023"]
[White "Van Foreest, Jorden"]
[Black "Dehtiarov, Roman"]
[WhiteFideId "1039784"]
[BlackFideId "14186640"]
[WhiteElo "2689"]
[BlackElo "2289"]
[Result "0-1"]
[Round "05"]
[TimeControl "180+2"]
[Date "2023.02.21"]
[WhiteClock "0:00:53"]
[BlackClock "0:00:17"]

1. e4 e5 2. Nc3 Nc6 3. Bc4 Nf6 4. d3 Bc5 5. Nf3 O-O 6. O-O d6 7. a4 a5 8. Be3 Be6 9. Bxc5 dxc5 10. Bxe6 fxe6 11. b3 Qd6 12. Nb1 Nh5 13. Nbd2 Nf4 14. g3 Ng6 15. h4 Nd4 16. Kg2 Nxf3 17. Nxf3 Rf6 18. Nd2 Raf8 19. h5 Ne7 20. Nc4 Qd4 21. Qd2 Nc6 22. c3 Qd7 23. Qe2 Rf3 24. Rad1 Qf7 25. Nd2 Rf6 26. Rde1 b6 27. Rd1 h6 28. Rde1 Kh8 29. Nc4 Rf3 30. Qxf3 Qxf3+ 31. Kg1 Qxh5 32. Nd2 Rd8 33. Re3 Qf7 34. Nf3 Qf6 35. Kg2 Ne7 36. Rh1 Ng6 37. Rh5 Rd6 38. Kg1 Kg8 39. Kf1 c6 40. c4 Qd8 41. Ke2 b5 42. cxb5 cxb5 43. axb5 Qb8 44. Nd2 Qxb5 45. Rh1 Ne7 46. Rc1 Nc6 47. Rc3 Nd4+ 48. Kd1 Rd8 49. Nc4 Rf8 50. f3 Rxf3 51. Rxf3 Nxf3 52. Ke2 Nd4+ 53. Ke3 Qb4 54. Rc1 Qxb3 55. Nxe5 Qa3 56. Rb1 Qa2 57. Rb8+ Kh7 58. Nd7 Qe2+ 59. Kf4 Qf3+ 60. Ke5 Qxg3# 0-1


[Site "https://www.chess.com"]

[Event "Titled Tuesday Blitz February 21 Early 2023"]
[White "Basso, Pier Luigi"]
[Black "Alekseenko, Kirill"]
[WhiteFideId "866970"]
[BlackFideId "4135539"]
[WhiteElo "2506"]
[BlackElo "2686"]
[Result "0-1"]
[Round "05"]
[TimeControl "180+2"]
[Date "2023.02.21"]
[WhiteClock "0:00:06"]
[BlackClock "0:00:21"]

1. d4 d5 2. c4 dxc4 3. Nf3 a6 4. e3 Bg4 5. h3 Bh5 6. Bxc4 e6 7. Nc3 Nc6 8. Be2 Nf6 9. O-O Bd6 10. b3 Nd5 11. Bb2 f5 12. Nd2 Bxe2 13. Qxe2 O-O 14. Nc4 Nce7 15. Rac1 Qe8 16. Nxd5 Nxd5 17. Ba3 Rd8 18. Bxd6 cxd6 19. Qf3 Kh8 20. Rfe1 Rf6 21. Nb2 g5 22. Nd3 Qg6 23. e4 fxe4 24. Qxe4 Qf7 25. Rc2 Rg8 26. f3 h5 27. Rec1 Qh7 28. Qxh7+ Kxh7 29. Rc8 Rff8 30. Rxf8 Rxf8 31. Kf2 h4 32. Re1 Rf6 33. Rc1 Rf8 34. Re1 Re8 35. Rc1 Kg6 36. Ke2 Kf5 37. Nf2 Nf4+ 38. Kf1 Nd5 39. Ke2 e5 40. dxe5 Rxe5+ 41. Ne4 Nf6 42. Kd3 Nxe4 43. fxe4+ Rxe4 44. Rc7 Rb4 45. Kc3 Rb5 46. Kd4 Kf4 47. Rc3 g4 48. hxg4 Kxg4 49. a4 Rg5 50. Rc7 Kg3 51. Rxb7 Kxg2 52. Rc7 h3 53. Rc2+ Kg3 54. Rc3+ Kh4 55. Rc2 a5 56. Ke4 Kg3 57. Rc3+ Kg4 58. Rc2 Re5+ 59. Kd4 Rh5 60. Ke4 h2 61. Rg2+ Kh3 0-1


[Site "https://www.chess.com"]

[Event "Titled Tuesday Blitz February 21 Early 2023"]
[White "Hasangatin, Ramil"]
[Black "Erigaisi Arjun"]
[WhiteFideId "4122160"]
[BlackFideId "35009192"]
[WhiteElo "2457"]
[BlackElo "2701"]
[Result "0-1"]
[Round "05"]
[TimeControl "180+2"]
[Date "2023.02.21"]
[WhiteClock "0:00:02"]
[BlackClock "0:00:51"]

1. e4 e6 2. d3 d5 3. Qe2 Nf6 4. g3 c5 5. Nf3 Nc6 6. Bg2 Be7 7. O-O O-O 8. e5 Nd7 9. c4 a6 10. Re1 b5 11. b3 bxc4 12. bxc4 Rb8 13. Nc3 Nd4 14. Nxd4 cxd4 15. Nxd5 exd5 16. cxd5 Bb4 17. Bd2 Re8 18. f4 Bc3 19. Rab1 Rxb1 20. Rxb1 Nc5 21. Bxc3 dxc3 22. d4 Bf5 23. Rc1 Na4 24. Qc4 Qd7 25. d6 Qb5 26. Qxb5 axb5 27. Bc6 Rb8 28. d7 c2 29. Bxb5 Nc3 30. Ba6 Kf8 31. Kf2 Nxa2 32. Bc8 Ke7 33. d8=Q+ Kxd8 34. Bxf5 Nxc1 35. Bxc2 Rb2 0-1


[Site "https://www.chess.com"]

[Event "Titled Tuesday Blitz February 21 Early 2023"]
[White "Shimanov, Aleksandr"]
[Black "Korchmar, Vasiliy"]
[WhiteFideId "4198603"]
[BlackFideId "24131750"]
[WhiteElo "2581"]
[BlackElo "2438"]
[Result "1-0"]
[Round "05"]
[TimeControl "180+2"]
[Date "2023.02.21"]
[WhiteClock "0:01:37"]
[BlackClock "0:00:12"]

1. e4 c5 2. d4 cxd4 3. Qxd4 Nc6 4. Qd3 g6 5. Nc3 Bg7 6. Nf3 Nf6 7. Be2 O-O 8. O-O d5 9. Nxd5 Nxd5 10. exd5 Nb4 11. Qb3 a5 12. c3 Na6 13. Be3 Bf5 14. a4 Qc8 15. Qb6 Nc7 16. Rfd1 Rd8 17. c4 Bc2 18. Rd2 Ra6 19. Qc5 Bxb2 20. Ra2 b6 21. Qxe7 Re8 22. Qh4 Rxe3 23. fxe3 Bc1 24. Raxc2 Bxd2 25. Rxd2 1-0


[Site "https://www.chess.com"]

[Event "Titled Tuesday Blitz February 21 Early 2023"]
[White "Tang, Andrew"]
[Black "Csonka, Balazs"]
[WhiteFideId "2059630"]
[BlackFideId "742910"]
[WhiteElo "2523"]
[BlackElo "2496"]
[Result "1-0"]
[Round "05"]
[TimeControl "180+2"]
[Date "2023.02.21"]
[WhiteClock "0:00:06"]
[BlackClock "0:00:05"]

1. d4 Nf6 2. c4 e6 3. Nc3 d5 4. cxd5 Nxd5 5. e4 Nxc3 6. bxc3 c5 7. Nf3 cxd4 8. cxd4 Bb4+ 9. Bd2 Bxd2+ 10. Qxd2 O-O 11. Rc1 Nc6 12. Bb5 Bd7 13. O-O Ne5 14. Nxe5 Bxb5 15. Rfe1 f6 16. Ng4 Qd7 17. Ne3 Rfd8 18. d5 exd5 19. exd5 Rac8 20. Qb4 a6 21. h4 Re8 22. h5 h6 23. Qf4 Re5 24. Qf3 Rce8 25. Red1 Qd6 26. Qg3 Qd7 27. Rc3 Rc8 28. Rdc1 Rxc3 29. Rxc3 Be2 30. d6 Qxd6 31. Rc8+ Kf7 32. Qg6+ Ke6 33. Qe8+ Qe7 34. Qg8+ Kd7 35. Rb8 Kc7 36. Qc8+ Kb6 37. Qc3 Bb5 38. a4 Rxe3 39. fxe3 Bxa4 40. Qd4+ Kc7 41. Rg8 Bc6 42. Qf4+ Kb6 43. Qg3 Qe5 44. Qxe5 fxe5 45. Rxg7 a5 46. Kf2 a4 47. e4 Bxe4 48. Rg3 Kc5 49. Re3 Kd4 50. g4 b5 51. g5 hxg5 52. h6 Bh7 53. Rf3 b4 54. Rf7 Bg6 55. Rg7 Be4 56. Rd7+ Kc3 57. Re7 a3 58. Rxe5 Bc2 59. Rc5+ Kb2 60. Rxc2+ Kxc2 61. h7 b3 62. h8=Q b2 63. Qh7+ Kc1 64. Qh1+ Kc2 65. Qe4+ Kc1 66. Qc4+ Kd2 67. Qb3 Kc1 68. Qc3+ Kd1 69. Ke3 b1=Q 70. Qd2# 1-0


[Site "https://www.chess.com"]

[Event "Titled Tuesday Blitz February 21 Early 2023"]
[White "Tabatabaei, M. Amin"]
[Black "Alex_Sahakyan2006"]
[WhiteFideId "12521213"]
[WhiteElo "2677"]
[BlackElo "2664"]
[Result "1-0"]
[Round "05"]
[TimeControl "180+2"]
[Date "2023.02.21"]
[WhiteClock "0:00:11"]
[BlackClock "0:00:01"]

1. d4 Nf6 2. c4 c5 3. d5 b5 4. cxb5 a6 5. bxa6 g6 6. Nc3 Bg7 7. e4 O-O 8. a7 Rxa7 9. Be2 e6 10. Nf3 exd5 11. exd5 d6 12. O-O Ba6 13. a4 Bxe2 14. Qxe2 Re8 15. Qc4 Rb7 16. a5 Rb4 17. Qd3 Qc8 18. Bg5 Rxb2 19. Bxf6 Bxf6 20. Ne4 Be7 21. a6 Nd7 22. a7 Qb7 23. Qa6 Ra8 24. h3 Qxd5 25. Rfe1 Rb6 26. Qa4 Qc6 27. Nc3 Bf6 28. Qc2 Rb7 29. Rad1 Rbxa7 30. Nd5 Bd8 31. Re8+ Nf8 32. Qc3 Qxe8 33. Re1 Qa4 34. h4 Qa5 35. Qd3 Qa6 36. Qc3 Qa5 37. Qd3 Qa3 38. Qe4 Qa4 39. Qd3 Ne6 40. h5 Qg4 41. h6 Qh5 42. Qe3 Qxh6 43. Qxh6 Ra1 44. Qd2 Rxe1+ 45. Qxe1 c4 46. Qc3 Rc8 47. Nd2 Rc5 48. Ne3 Ba5 49. Qc2 c3 50. Nb3 1-0


[Site "https://www.chess.com"]

[Event "Titled Tuesday Blitz February 21 Early 2023"]
[White "Shuvalova, Polina"]
[Black "Demchenko, Anton"]
[WhiteFideId "24171760"]
[BlackFideId "4160258"]
[WhiteElo "2484"]
[BlackElo "2623"]
[Result "0-1"]
[Round "05"]
[TimeControl "180+2"]
[Date "2023.02.21"]
[WhiteClock "0:00:01"]
[BlackClock "0:00:37"]

1. d4 d5 2. c4 c6 3. Nf3 Nf6 4. e3 Bf5 5. Nc3 e6 6. Bd3 Bg6 7. O-O Nbd7 8. b3 Bb4 9. Bb2 O-O 10. Bxg6 hxg6 11. Qd3 Re8 12. Rac1 a6 13. Rfd1 Qe7 14. h3 Rad8 15. a3 Bxa3 16. Bxa3 Qxa3 17. c5 Qa5 18. Ra1 Qc7 19. b4 e5 20. Qc2 e4 21. Nd2 Nf8 22. Rf1 Nh5 23. Rae1 f5 24. f4 Nf6 25. Rf2 Kf7 26. g3 Ne6 27. Ra1 Rh8 28. h4 Ng4 29. Re2 g5 30. hxg5 Nxg5 31. Nd1 Nh3+ 32. Kg2 Rh6 33. Nf1 g5 34. Ra2 Rg8 35. Qc1 gxf4 36. exf4 Nf6 37. Rf2 Nxf2 38. Nxf2 Ke6 39. Ne3 Qh7 40. Qg1 Rxg3+ 41. Kxg3 Rg6+ 42. Nfg4 Nxg4 0-1


[Site "https://www.chess.com"]

[Event "Titled Tuesday Blitz February 21 Early 2023"]
[White "Terry, Renato"]
[Black "Annaberdiyev, Meylis"]
[WhiteFideId "3803457"]
[BlackFideId "14000563"]
[WhiteElo "2520"]
[BlackElo "2495"]
[Result "1-0"]
[Round "05"]
[TimeControl "180+2"]
[Date "2023.02.21"]
[WhiteClock "0:02:45"]
[BlackClock "0:02:15"]

1. e4 c5 2. Nf3 e6 3. Nc3 Nc6 4. Bb5 Nd4 5. O-O a6 6. Bd3 Nc6 7. e5 d5 8. exd6 Bxd6 9. b3 Nf6 10. Bb2 Ne5 11. Be4 Qc7 12. h3 O-O 13. Re1 Bd7 14. Bxb7 1-0


[Site "https://www.chess.com"]

[Event "Titled Tuesday Blitz February 21 Early 2023"]
[White "Kononenko, Dmitry"]
[Black "Zhigalko, Sergei"]
[WhiteFideId "14113538"]
[BlackFideId "13502956"]
[WhiteElo "2256"]
[BlackElo "2572"]
[Result "0-1"]
[Round "05"]
[TimeControl "180+2"]
[Date "2023.02.21"]
[WhiteClock "0:00:10"]
[BlackClock "0:00:18"]

1. d4 Nf6 2. c4 e6 3. g3 c5 4. d5 exd5 5. cxd5 d6 6. Nc3 g6 7. Bg2 Bg7 8. Nf3 O-O 9. O-O Re8 10. Bf4 a6 11. a4 Nh5 12. Bg5 Qc7 13. Qc2 h6 14. Bd2 Nd7 15. e4 Rb8 16. Rab1 c4 17. Be3 b5 18. axb5 axb5 19. Nd4 Bxd4 20. Bxd4 Nc5 21. Rbe1 b4 22. Nd1 Nb3 23. Be3 Kh7 24. f4 Nf6 25. e5 Bf5 26. Qf2 Ng4 27. Qf3 dxe5 28. fxe5 Qxe5 29. Bf2 Nd2 30. Qxg4 Bxg4 31. Rxe5 Rxe5 32. Bd4 Nxf1 33. Bxe5 Re8 34. Bf4 Bxd1 35. Bxf1 c3 36. bxc3 bxc3 37. d6 Bg4 38. Bb5 Rd8 39. Kf2 c2 40. Ke3 c1=Q+ 0-1


[Site "https://www.chess.com"]

[Event "Titled Tuesday Blitz February 21 Early 2023"]
[White "Chigaev, Maksim"]
[Black "Rosen, Eric"]
[WhiteFideId "4108116"]
[BlackFideId "2032562"]
[WhiteElo "2628"]
[BlackElo "2349"]
[Result "1-0"]
[Round "05"]
[TimeControl "180+2"]
[Date "2023.02.21"]
[WhiteClock "0:00:10"]
[BlackClock "0:00:01"]

1. e4 c5 2. Nf3 Nc6 3. Bb5 g6 4. O-O Bg7 5. Re1 Nf6 6. c3 O-O 7. h3 e5 8. d4 cxd4 9. cxd4 Nxd4 10. Nxd4 exd4 11. e5 Nd5 12. Qxd4 Qa5 13. Rd1 Qxb5 14. Qxd5 Qc6 15. Nc3 Re8 16. Bf4 b6 17. Rac1 Bb7 18. f3 Bxe5 19. Bxe5 Qxd5 20. Nxd5 Rxe5 21. Nf6+ Kg7 22. Rxd7 Bxf3 23. Rcc7 Rf8 24. Nxh7 Kxh7 25. Rxf7+ Rxf7 26. Rxf7+ Kh6 27. Rxf3 Re1+ 28. Kf2 Rb1 29. Rb3 Kg5 30. a3 Kf4 31. Rb4+ Kf5 32. Kg3 Rd1 33. Rb5+ Kf6 34. Kg4 Rd4+ 35. Kg3 Rd3+ 36. Kh4 Rd2 37. g3 Rd4+ 38. g4 Re4 39. Kg3 Rd4 40. Rb3 Rd2 41. Rf3+ Ke5 42. Rf2 Rd3+ 43. Kh4 Ke6 44. Kg5 Rxh3 45. Kxg6 a5 46. Re2+ Kd5 47. g5 b5 48. Kf5 Rf3+ 49. Kg4 Rf1 50. g6 Rg1+ 51. Kf5 b4 52. axb4 axb4 53. Kf6 b3 54. g7 Rf1+ 55. Ke7 Rg1 56. Kf8 Rf1+ 57. Kg8 Kc4 58. Rh2 1-0


[Site "https://www.chess.com"]

[Event "Titled Tuesday Blitz February 21 Early 2023"]
[White "Ter-Sahakyan, Samvel"]
[Black "Melikyan, Gnel"]
[WhiteFideId "13302531"]
[BlackFideId "54109990"]
[WhiteElo "2617"]
[BlackElo "2238"]
[Result "1-0"]
[Round "05"]
[TimeControl "180+2"]
[Date "2023.02.21"]
[WhiteClock "0:00:42"]
[BlackClock "0:00:02"]

1. d4 d5 2. c4 e6 3. Nf3 Nf6 4. Nc3 Be7 5. Bf4 O-O 6. e3 b6 7. cxd5 Nxd5 8. Nxd5 exd5 9. Bd3 c5 10. b3 Nc6 11. O-O Bg4 12. Rc1 Qd7 13. Bb5 f6 14. h3 Bh5 15. dxc5 bxc5 16. b4 g5 17. Bh2 Bf7 18. bxc5 Qb7 19. Bxc6 Qxc6 20. Nd4 Qa6 21. Qb3 Rfc8 22. c6 Qb6 23. c7 Qxb3 24. axb3 a5 25. Nf5 Bf8 26. Rc6 Bg6 27. Rxf6 Bg7 28. Ne7+ Kh8 29. Nxc8 Bxf6 30. Nb6 1-0


[Site "https://www.chess.com"]

[Event "Titled Tuesday Blitz February 21 Early 2023"]
[White "Tan, Jun Ying"]
[Black "Sanal, Vahap"]
[WhiteFideId "5710413"]
[BlackFideId "6300545"]
[WhiteElo "2307"]
[BlackElo "2600"]
[Result "1/2-1/2"]
[Round "05"]
[TimeControl "180+2"]
[Date "2023.02.21"]
[WhiteClock "0:00:04"]
[BlackClock "0:00:05"]

1. d4 d5 2. c4 e6 3. Nc3 Nf6 4. cxd5 exd5 5. Bg5 Bb4 6. e3 h6 7. Bh4 g5 8. Bg3 Ne4 9. Ne2 h5 10. h4 Bg4 11. f3 Nxg3 12. Nxg3 Bd7 13. Qb3 Nc6 14. Qxd5 gxh4 15. Ne4 Qe7 16. O-O-O O-O-O 17. Qb3 f5 18. Nd5 Qf8 19. Nxb4 Qxb4 20. Nc5 Qxb3 21. axb3 f4 22. e4 h3 23. gxh3 h4 24. Bc4 Kb8 25. Bd5 Rh5 26. Nxd7+ Rxd7 27. Bxc6 bxc6 28. Rhg1 a5 29. Rg4 Rf7 30. Rdg1 Kb7 31. Rg5 Rh6 32. Rxa5 Rd6 33. d5 cxd5 34. Rxd5 Rxd5 35. exd5 Rf5 36. Rg4 Rxd5 37. Rxh4 Rd4 38. Kc2 c5 39. Rg4 Kb6 40. Kc3 Kb5 41. h4 Rd1 42. Rxf4 Rc1+ 43. Kd2 Rb1 44. Kc2 Rh1 45. Rg4 Rh2+ 46. Kc3 Rf2 47. Rf4 Rh2 48. Re4 Rh3 49. Re3 Rxh4 50. Kd3 Rh2 51. Re2 Rh8 52. f4 Rh3+ 53. Kc2 Rf3 54. Re4 Rf2+ 55. Kc3 Rf3+ 56. Kc2 Rf2+ 57. Kb1 Rf3 58. Ka2 Rf1 59. Rc4 Rf2 60. Ka3 Rf3 61. Re4 Rf1 62. Ka2 Rf2 63. Ra4 Rf1 64. Rc4 Rf3 65. Kb1 Rf2 66. Re4 Rf1+ 67. Kc2 Rf2+ 1/2-1/2


[Site "https://www.chess.com"]

[Event "Titled Tuesday Blitz February 21 Early 2023"]
[White "Anuj, Shrivatri"]
[Black "Fiorito, Joaquin"]
[WhiteFideId "35070924"]
[BlackFideId "180173"]
[WhiteElo "2407"]
[BlackElo "2405"]
[Result "0-1"]
[Round "05"]
[TimeControl "180+2"]
[Date "2023.02.21"]
[WhiteClock "0:00:19"]
[BlackClock "0:00:12"]

1. d4 Nf6 2. Nf3 d5 3. c4 e6 4. Nc3 Bb4 5. e3 O-O 6. Bd2 b6 7. cxd5 exd5 8. Bd3 Re8 9. Qc2 Bf8 10. a3 Bb7 11. Ng5 g6 12. h4 c5 13. h5 Ne4 14. Ncxe4 dxe4 15. Nxe4 cxd4 16. hxg6 hxg6 17. Kf1 Nc6 18. Re1 Rc8 19. Qb1 Bg7 20. exd4 Nxd4 21. Bg5 Qd5 22. f3 Rxe4 23. Bxe4 Ba6+ 24. Bd3 Bxd3+ 25. Qxd3 Qxg5 26. Kg1 Rd8 27. Rd1 Ne6 28. Qe2 Bd4+ 29. Kf1 Nf4 30. Rxd4 Nxe2 31. Rxd8+ Qxd8 32. Kxe2 Qe7+ 33. Kf2 Qc5+ 34. Kg3 Qe5+ 35. Kf2 Qxb2+ 36. Kg3 Qxa3 37. Re1 Qc5 38. Re8+ Kg7 39. Ra8 a5 40. Ra7 Qb4 41. Rb7 a4 42. f4 a3 43. f5 gxf5 44. Ra7 Qb3+ 45. Kh2 a2 46. Ra4 Qxa4 0-1


[Site "https://www.chess.com"]

[Event "Titled Tuesday Blitz February 21 Early 2023"]
[White "Goroshkov, Maksym"]
[Black "Bacrot, Etienne"]
[WhiteFideId "14142716"]
[BlackFideId "605506"]
[WhiteElo "2287"]
[BlackElo "2667"]
[Result "0-1"]
[Round "05"]
[TimeControl "180+2"]
[Date "2023.02.21"]
[WhiteClock "0:00:20"]
[BlackClock "0:00:41"]

1. e4 c5 2. c3 Nf6 3. e5 Nd5 4. Bc4 Nb6 5. Bb3 c4 6. Bc2 Nc6 7. Nf3 Qc7 8. Qe2 g5 9. h3 Bg7 10. d4 cxd3 11. Bxd3 h6 12. e6 dxe6 13. O-O Nd5 14. Na3 a6 15. Nc4 b5 16. Ne3 Nf4 17. Qc2 Nxd3 18. Qxd3 Bb7 19. a4 b4 20. Bd2 b3 21. Qc4 O-O 22. Qxb3 Rfd8 23. Qc2 Na5 24. Nh2 Qc6 25. Rad1 Nc4 26. Nf3 Rd6 27. b3 Nxe3 28. fxe3 Rad8 29. c4 Qd7 30. Nd4 Bxd4 31. exd4 Rxd4 32. Rxf7 Be4 33. Qb2 Kxf7 34. Rf1+ Kg6 35. Bc3 Rd1 36. Bh8 Rxf1+ 37. Kh2 Qd6+ 38. Be5 Qd2 0-1


[Site "https://www.chess.com"]

[Event "Titled Tuesday Blitz February 21 Early 2023"]
[White "Kravtsiv, Martyn"]
[Black "Pajeken, Jakob Leon"]
[WhiteFideId "14113147"]
[BlackFideId "12942839"]
[WhiteElo "2598"]
[BlackElo "2417"]
[Result "1-0"]
[Round "05"]
[TimeControl "180+2"]
[Date "2023.02.21"]
[WhiteClock "0:01:16"]
[BlackClock "0:00:18"]

1. e4 e5 2. Nf3 Nc6 3. Nc3 Nf6 4. a4 a6 5. d4 exd4 6. Nxd4 Nxe4 7. Nxe4 Qe7 8. Ra3 d5 9. Bg5 f6 10. Bxf6 gxf6 11. Qh5+ Kd8 12. Qxd5+ Bd7 13. Re3 Qb4+ 14. c3 Qxb2 15. Be2 Ne7 16. Qf7 f5 17. Nc5 Bxa4 18. O-O Bc6 19. Nxf5 Nxf5 20. Qxf5 Bxc5 21. Qf6+ Kd7 22. Bg4# 1-0


[Site "https://www.chess.com"]

[Event "Titled Tuesday Blitz February 21 Early 2023"]
[White "Jakubowski, Krzysztof"]
[Black "Grigoriants, Sergey"]
[WhiteFideId "1112848"]
[BlackFideId "4130804"]
[WhiteElo "2486"]
[BlackElo "2562"]
[Result "1/2-1/2"]
[Round "05"]
[TimeControl "180+2"]
[Date "2023.02.21"]
[WhiteClock "0:00:34"]
[BlackClock "0:00:28"]

1. e4 c5 2. Nf3 d6 3. d4 cxd4 4. Nxd4 Nf6 5. Nc3 a6 6. Be3 Ng4 7. Bc1 Nf6 8. h3 e6 9. g4 h6 10. Bg2 Qc7 11. f4 Nc6 12. Be3 Be7 13. Qf3 Nxd4 14. Bxd4 e5 15. Be3 exf4 16. Bxf4 Be6 17. O-O-O Nd7 18. Nd5 Bxd5 19. Rxd5 Ne5 20. Bxe5 dxe5 21. Rhd1 O-O 22. Qf5 Rad8 23. Bf1 g6 24. Qf3 Rxd5 25. Rxd5 Rd8 26. Rxd8+ Bxd8 27. a4 a5 28. b3 Bg5+ 29. Kb2 Kg7 30. Bc4 b6 31. Qd3 Qd8 32. Bd5 Qc7 33. Qf3 Qe7 34. c3 Qc7 35. Kc2 Bf4 36. Qd3 Qc5 37. Bc4 Qf2+ 38. Kb1 Qe3 39. Qxe3 Bxe3 40. Kc2 Kf6 41. Kd3 Bf2 42. Ke2 Bc5 43. Bd5 1/2-1/2


[Site "https://www.chess.com"]

[Event "Titled Tuesday Blitz February 21 Early 2023"]
[White "Kvaloy, Aksel Bu"]
[Black "Bernadskiy, Vitaliy"]
[WhiteFideId "1528815"]
[BlackFideId "14100371"]
[WhiteElo "2321"]
[BlackElo "2592"]
[Result "0-1"]
[Round "05"]
[TimeControl "180+2"]
[Date "2023.02.21"]
[WhiteClock "0:00:10"]
[BlackClock "0:00:08"]

1. d4 Nf6 2. c4 e6 3. g3 d5 4. Nf3 Bb4+ 5. Bd2 a5 6. Bg2 O-O 7. O-O b6 8. Qc2 Bb7 9. a3 Be7 10. Bf4 Nbd7 11. Nbd2 c5 12. dxc5 bxc5 13. cxd5 exd5 14. Rfd1 Re8 15. Rac1 Bf8 16. Nb1 g6 17. Bg5 Qb6 18. Nc3 Bc6 19. Bxf6 Nxf6 20. e3 Rad8 21. Ne2 a4 22. Nc3 Qa6 23. Bf1 Qa5 24. Bg2 Qa8 25. Ne1 Bg7 26. Ne2 Bf8 27. Nd3 Bb5 28. Nef4 g5 29. Ne2 Ne4 30. f3 Nf6 31. Kf2 Bc4 32. Nc3 Bb3 33. Qd2 Bxd1 34. Rxd1 h6 35. f4 Ng4+ 36. Kg1 Nxe3 37. Re1 Nxg2 38. Rxe8 Rxe8 39. Qxg2 d4 40. Nd5 Rd8 41. Nf6+ Kg7 42. Ne4 f5 43. Nexc5 Qxg2+ 44. Kxg2 Bxc5 45. Nxc5 d3 46. Ne6+ Kf6 47. Nxd8 d2 48. fxg5+ hxg5 49. h4 d1=Q 50. hxg5+ Kg6 51. Ne6 Qe2+ 0-1


[Site "https://www.chess.com"]

[Event "Titled Tuesday Blitz February 21 Early 2023"]
[White "Rakhmanov, Aleksandr"]
[Black "Aggelis, Nikolaos"]
[WhiteFideId "4173708"]
[BlackFideId "4213220"]
[WhiteElo "2632"]
[BlackElo "2270"]
[Result "1/2-1/2"]
[Round "05"]
[TimeControl "180+2"]
[Date "2023.02.21"]
[WhiteClock "0:00:05"]
[BlackClock "0:00:16"]

1. d4 Nf6 2. c4 g6 3. Nc3 d5 4. Nf3 Bg7 5. cxd5 Nxd5 6. Qa4+ c6 7. e4 Nxc3 8. bxc3 O-O 9. Be3 b5 10. Qc2 Bb7 11. Be2 a6 12. O-O e6 13. Rfd1 Qc7 14. c4 Rc8 15. Rac1 Nd7 16. cxb5 axb5 17. Bxb5 Qa5 18. Bc4 c5 19. d5 exd5 20. Bxd5 Bxd5 21. Rxd5 Nf6 22. Rxc5 Rxc5 23. Qxc5 Qxc5 24. Bxc5 Nxe4 25. Bb4 Bf8 26. Bxf8 Kxf8 27. Rc2 Ra3 28. h4 Nc3 29. Ng5 h6 30. Nf3 Nxa2 31. Rc7 Ra5 32. g4 Nb4 33. g5 hxg5 34. Nxg5 Rf5 35. Rc8+ Kg7 36. Kg2 Nd5 37. Kg3 Nf6 38. Rc4 Nh5+ 39. Kg2 Rf4 40. Rc7 Rg4+ 41. Kf3 Rf4+ 42. Ke3 Rf5 43. f3 Nf4 44. Ra7 Ng2+ 45. Kf2 Nxh4 46. Ne6+ Kf6 47. Nd4 Rf4 48. Ke3 Rxd4 49. Kxd4 Nxf3+ 50. Ke4 Nh4 51. Kf4 Nf5 52. Ra6+ Kg7 53. Kg5 Nd4 54. Ra7 Ne6+ 1/2-1/2


[Site "https://www.chess.com"]

[Event "Titled Tuesday Blitz February 21 Early 2023"]
[White "Vakhlamov, Igor L."]
[Black "Potapova, Margarita"]
[WhiteFideId "24126748"]
[BlackFideId "14126869"]
[WhiteElo "2413"]
[BlackElo "2104"]
[Result "1-0"]
[Round "05"]
[TimeControl "180+2"]
[Date "2023.02.21"]
[WhiteClock "0:00:04"]
[BlackClock "0:00:05"]

1. e4 c5 2. Nf3 d6 3. Nc3 Nf6 4. d4 cxd4 5. Qxd4 Nc6 6. Bb5 Bd7 7. Bxc6 Bxc6 8. Bg5 e6 9. O-O-O Be7 10. Rhe1 O-O 11. e5 dxe5 12. Nxe5 Qc7 13. Qc4 Rac8 14. Nxc6 Qxc6 15. Qxc6 Rxc6 16. Ne4 Rfc8 17. Re2 Kf8 18. Nxf6 gxf6 19. Bh6+ Ke8 20. Rd3 f5 21. Rh3 Rc4 22. Be3 Rh4 23. Rxh4 Bxh4 24. c3 a6 25. Kc2 Bf6 26. Rd2 Rd8 27. a4 Rxd2+ 28. Kxd2 Kd7 29. Kd3 Kc6 30. b3 e5 31. f3 Be7 32. h3 f4 33. Ba7 Bd6 34. Ke4 b6 35. a5 bxa5 36. Kf5 Kb5 37. Kf6 a4 38. bxa4+ Kxa4 39. Kxf7 Kb5 40. Ke6 Bc5 41. Bb8 a5 42. Kd5 a4 43. Bxe5 Be3 44. c4+ Kb4 45. Bd6+ Kb3 46. c5 a3 47. c6 a2 48. c7 a1=Q 49. c8=Q Qd1+ 50. Ke6 Qg1 51. Qb7+ Kc4 52. Qe4+ Kb5 53. Bxf4 Bc5 54. Qe2+ Kb6 55. Qb2+ Kc6 56. Qc2 Qe1+ 57. Qe4+ Qxe4+ 58. fxe4 Bf2 59. g4 Bc5 60. Bg5 Bd4 61. e5 Bc3 62. Be7 Bd4 63. Ba3 Bc3 64. Kf5 Kd7 65. e6+ Ke8 66. Bd6 Bd4 67. Be5 Bc5 68. Kf6 Bf8 69. Bf4 Kd8 70. Kf7 Be7 71. Bc7+ 1-0


[Site "https://www.chess.com"]

[Event "Titled Tuesday Blitz February 21 Early 2023"]
[White "Maltsevskaya, Aleksandra"]
[Black "Yuan, Qingyu"]
[WhiteFideId "24174041"]
[BlackFideId "8609772"]
[WhiteElo "2390"]
[BlackElo "2373"]
[Result "1-0"]
[Round "05"]
[TimeControl "180+2"]
[Date "2023.02.21"]
[WhiteClock "0:02:00"]
[BlackClock "0:00:35"]

1. e4 e5 2. Nf3 Nc6 3. Bb5 Nf6 4. d3 Bc5 5. O-O Nd4 6. Nxd4 Bxd4 7. c3 Bb6 8. Bg5 h6 9. Bh4 O-O 10. Nd2 c6 11. Ba4 d6 12. Kh1 g5 13. Bg3 Be6 14. Bb3 Qe7 15. Nc4 Bc7 16. Ne3 Rad8 17. f3 d5 18. Qe2 Nh5 19. Rae1 Nf4 20. Bxf4 gxf4 21. exd5 cxd5 22. Ng4 Bxg4 23. fxg4 Qg5 24. Qf3 Bb6 25. Bxd5 Be3 26. Be4 b6 27. h3 Kg7 28. Re2 Rd6 29. Bf5 Rfd8 30. Be4 a5 31. Rxe3 a4 32. Ree1 Rc8 33. Bf5 Rc5 34. Rf2 a3 35. bxa3 Rxc3 36. Rxe5 Rcxd3 37. Qxf4 Qh4 38. Bxd3 1-0


[Site "https://www.chess.com"]

[Event "Titled Tuesday Blitz February 21 Early 2023"]
[White "Boros, Denes"]
[Black "Di Nicolantonio, Lucas"]
[WhiteFideId "722340"]
[BlackFideId "680460"]
[WhiteElo "2406"]
[BlackElo "2376"]
[Result "1-0"]
[Round "05"]
[TimeControl "180+2"]
[Date "2023.02.21"]
[WhiteClock "0:01:05"]
[BlackClock "0:00:13"]

1. d4 g6 2. e4 Bg7 3. Nf3 d6 4. Bg5 a6 5. c4 h6 6. Be3 c6 7. Nc3 b5 8. a3 Nd7 9. h3 Ngf6 10. e5 Nh7 11. e6 fxe6 12. Bd3 O-O 13. cxb5 axb5 14. Bxg6 b4 15. axb4 Rxa1 16. Qxa1 Qb6 17. b5 cxb5 18. O-O Bb7 19. d5 Qd8 20. Nd4 Bxd4 21. Bxd4 e5 22. Be3 b4 23. Ne4 Bxd5 24. Qd1 Be6 25. Bxh6 Kh8 26. Bxf8 Qxf8 27. Qh5 Qg7 28. Qxh7+ Qxh7 29. Bxh7 Kxh7 30. Ng5+ 1-0


[Site "https://www.chess.com"]

[Event "Titled Tuesday Blitz February 21 Early 2023"]
[White "Padmini, Rout"]
[Black "Rustemov, Alexander"]
[WhiteFideId "5029295"]
[BlackFideId "4119002"]
[WhiteElo "2375"]
[BlackElo "2525"]
[Result "0-1"]
[Round "05"]
[TimeControl "180+2"]
[Date "2023.02.21"]
[WhiteClock "0:00:15"]
[BlackClock "0:01:12"]

1. e4 e6 2. d4 d5 3. Nd2 dxe4 4. Nxe4 Bd7 5. Nf3 Bc6 6. Ng3 Nd7 7. Bd3 Ngf6 8. O-O Be7 9. Ne5 Nxe5 10. dxe5 Qd5 11. f3 Qxe5 12. Ne4 Nxe4 13. fxe4 Bd6 14. Bf4 Qxb2 15. Kh1 Bxf4 16. Rxf4 Qe5 17. Qf1 O-O 18. Re1 f6 19. Bc4 g6 20. Qf3 Kg7 21. Rf1 Rad8 22. Qg4 f5 23. exf5 exf5 24. Qg3 Rd2 25. R4f2 Qxg3 26. hxg3 Rfd8 27. Bd3 Rxf2 28. Rxf2 h5 29. Kh2 Kf6 30. Kg1 Rd4 31. Re2 Be4 32. Bxe4 Rxe4 33. Rd2 Ke6 34. Kf2 Ra4 35. Re2+ Kf6 36. c3 Ra3 37. Rc2 Ke5 38. Ke3 c5 39. Kd3 b5 40. Re2+ Kd5 41. Re8 b4 42. Rd8+ Ke6 43. Re8+ Kf6 44. Rb8 Rxc3+ 45. Kd2 Rxg3 0-1


[Site "https://www.chess.com"]